 Dungeon Crawl Stone Soup version 0.31.0-9-g3a7656b989 (webtiles) character file.

Game seed: 5809058510437974383

2 Arctor the Ducker (level 1, 0/16 HPs)
             Began as a Demonspawn Gladiator on Jan 24, 2024.
             Slain by a kobold
             ... wielding a +0 short sword
              (4 damage)
             ... on level 1 of the Dungeon.
             The game lasted 00:00:03 (52 turns).

Arctor the Ducker (Demonspawn Gladiator)              Turns: 52, Time: 00:00:03

Health: 0/16       AC:  4    Str: 14    XL:     1   Next: 33%
Magic:  1/1        EV: 12    Int:  8    God:
Gold:   12         SH:  0    Dex: 14    Spells: 0/0 levels left

rFire   . . .        a - +0 long sword
rCold   . . .        (no shield)
rNeg    . . .        b - +0 leather armour
rPois   .            c - +0 helmet
rElec   .            (no cloak)
rCorr   .            (no gloves)
SInv    .            (no boots)
Will    .....        (no amulet)
Stlth   +            (no ring)
HPRegen 0.22/turn    (no ring)
MPRegen 0.07/turn

%: no passive effects
@: no status effects
A: no striking features
a: no special abilities


You were on level 1 of the Dungeon.
You visited 1 branch of the dungeon, and saw 1 of its levels.

You collected 12 gold pieces.

Inventory:

Hand Weapons
 a - a +0 long sword (weapon)
Missiles
 d - 3 throwing nets (quivered)
 e - a javelin
Armour
 b - a +0 leather armour (worn)
 c - a +0 helmet (worn)
Scrolls
 f - a scroll of enchant weapon {unknown}
 g - 2 scrolls of torment {unknown}


   Skills:
 + Level 2.0 Fighting
 + Level 2.7 Long Blades
 + Level 1.8 Throwing
 + Level 2.7 Dodging


You couldn't memorise any spells.
You didn't know any spells.
Your spell library contained the following spells:

 Spells                   Type           Power      Damage    Failure   Level
 Summon Ice Beast         Ice/Summ       0%         N/A       86%         3
 Summon Mana Viper        Hex/Summ       0%         N/A       100%        5
 Monstrous Menagerie      Summ           0%         N/A       100%        7


Dungeon Overview and Level Annotations

Branches:
Dungeon (1/15)

Altars:


Message History

The dart slug closely misses you.
You barely miss the kobold. The bat hits you. The hobgoblin closely misses you.
The kobold hits you but does no damage. The dart slug launches a dart at you.
The slug dart hits you.
You are too injured to fight recklessly!
You are too injured to fight recklessly!
Unknown command.
The hobgoblin attacks as it pursues you!
The hobgoblin hits you but does no damage.
The kobold barely misses you.
You closely miss the hobgoblin. The hobgoblin closely misses you.
The kobold hits you but does no damage.
The hobgoblin hits you but does no damage.
The kobold hits you with a +0 short sword.
You are too injured to fight recklessly!
You are too injured to fight recklessly!
You closely miss the hobgoblin.
The kobold hits you with a +0 short sword.
* * * LOW HITPOINT WARNING * * *
The hobgoblin barely misses you.
You are too injured to fight recklessly!
You slash the hobgoblin!
You kill the hobgoblin!
The bat misses you. The kobold hits you but does no damage.
The dart slug launches a dart at you.
The slug dart hits you but does no damage.
You are too injured to fight recklessly!
The bat misses you. The kobold closely misses you.
The dart slug barely misses you.
You are too injured to fight recklessly!
You hit the dart slug.
The dart slug is moderately wounded.
The bat closely misses you. The kobold closely misses you.
You are too injured to fight recklessly!
You slash the dart slug!
You kill the dart slug!
The bat barely misses you. The kobold barely misses you.
The kobold hits you with a +0 short sword.
You die...

... ... #..##.. #.#
....... #.# .......
####.# ....... #....##
...>... #.#...##
##.......
#...#.#.[..#####K.......
#...#.#.....##..@).b....
#...#.#......#.##.......
#...#.#......'..##..##..
#...#.#.)....#### ..#
#...#.#.....## ##
#...#.##...##
#.<.##.##.## .....##.###
.>.8..##.##


You could see a bat and a kobold.

Vanquished Creatures
  A dart slug (D:1)
  A goblin (D:1)
  A hobgoblin (D:1)
3 creatures vanquished.

Notes
Turn   | Place    | Note
-------+----------+-------------------------------------------
     0 | D:1      | Arctor the Demonspawn Gladiator began the quest for the
                  | Orb.
     0 | D:1      | Reached XP level 1. HP: 16/16 MP: 1/1
    52 | D:1      | Slain by a kobold

Illustrated notes

Levels and vault maps discovered:
D:1:      psy_arrival_spokes, layout_loops_corners, st_stairs_5

Action                     || total
---------------------------++-------
  Melee: Long sword        ||     8
 Armour: Leather armour    ||    12
  Dodge: Dodged            ||    18
